 Dungeon Crawl Stone Soup version 0.30.1-4-g462c640d31 (webtiles) character file.

Game seed: 9581873966732258581

37737 Nick1 the Severer (level 14, -6/111 HPs)
             Began as a Formicid Fighter on Sept 17, 2023.
             Was a High Priest of Okawaru.
             Mangled by a spark wasp (13 damage)
             ... on level 1 of the Spider Nest.
             The game lasted 01:12:17 (13912 turns).

Nick1 the Severer (Formicid Fighter)               Turns: 13912, Time: 01:12:17

Health: -6/111     AC: 22    Str: 25    XL:     14   Next: 30%
Magic:  0/20       EV:  7    Int:  9    God:    Okawaru [*****.]
Gold:   859        SH:  0    Dex: 13    Spells: 13/13 levels left

rFire   . . .        S - +3 battleaxe
rCold   . . .        R - +0 kite shield
rNeg    . . .        U - +0 plate armour
rPois   .            (helmet unavailable)
rElec   .            a - +1 cloak of Okawaru's Whim {Will- Regen+ Stlth+}
rCorr   .            O - +0 pair of gloves
SInv    +            (no boots)
Will    .....        i - amulet of guardian spirit Stlth
                     r - +4 ring of protection
HPRegen 1.18/turn    k - +4 ring of slaying
MPRegen 0.17/turn

%: guardian spirit
@: confused, ambrosia-drunk
A: permanent stasis, dig shafts and tunnels, antennae 3, four strong arms
a: Dig, Shaft Self, Renounce Religion, Heroism, Finesse, Duel


You were on level 1 of the Spider Nest.
You worshipped Okawaru.
Okawaru was extremely pleased with you.
You visited 4 branches of the dungeon, and saw 14 of its levels.
You visited the Abyss 1 time.
You also visited: Sewer, Ossuary and Bailey.

You collected 859 gold pieces.

Inventory:

Hand Weapons
 m - a +5 flail of protection
 o - a +0 morningstar
 u - a +0 halberd
 C - a +6 mace of holy wrath
 S - a +3 battleaxe (weapon)
Missiles
 v - 6 javelins
 w - 4 boomerangs (quivered)
 H - 6 poisoned darts
 L - 5 throwing nets
 T - 2 atropa-tipped darts
 Y - 3 datura-tipped darts
Armour
 a - the +1 cloak of Okawaru's Whim (worn) {Will- Regen+ Stlth+}
   (Okawaru gifted it to you on level 1 of the Spider Nest)

   Regen:     It increases your rate of health regeneration.
   Will:      It decreases your willpower.
   Stlth:     It makes you more stealthy.
 O - a +0 pair of gloves (worn)
 R - a +0 kite shield (worn)
 U - a +0 plate armour (worn)
Jewellery
 f - a ring of willpower
 i - an amulet of guardian spirit (around neck)
 k - a +4 ring of slaying (right hand)
 n - a ring of poison resistance
 r - a +4 ring of protection (left hand)
 s - a ring of resist corrosion
Wands
 c - a wand of digging (10)
 j - a wand of mindburst (18)
 l - a wand of polymorph (4)
 x - a wand of roots (4)
Scrolls
 e - a scroll of acquirement {unknown}
 y - 3 scrolls of magic mapping
 B - 2 scrolls of brand weapon {unknown}
 E - 3 scrolls of immolation {unknown}
 F - 3 scrolls of vulnerability
 G - 3 scrolls of amnesia
 I - a scroll of poison {unknown}
 J - 7 scrolls of fear
 K - 4 scrolls of enchant weapon
 P - 3 scrolls of enchant armour
 Q - a scroll of silence {unknown}
 W - 2 scrolls of blinking {unknown}
 X - 2 scrolls of fog {unknown}
Potions
 d - 5 potions of attraction
 g - 2 potions of mutation
 p - 3 potions of curing
 q - 2 potions of resistance {unknown}
 t - 9 potions of flight
 z - 2 potions of magic
 A - 2 potions of cancellation
 D - 8 potions of ambrosia
 M - a potion of lignification
 N - 4 potions of might
 V - 2 potions of brilliance {unknown}
 Z - a potion of experience
Miscellaneous
 b - a phantom mirror
 h - a condenser vane


   Skills:
 * Level 10.4 Fighting
 * Level 15.7(15.8) Axes
 + Level 3.1(10.7) Maces & Flails
 + Level 3.9 Throwing
 * Level 10.7 Armour
 + Level 2.0 Dodging
 + Level 2.0 Stealth
 * Level 11.4 Shields
 * Level 8.7 Invocations


You had 13 spell levels left.
You didn't know any spells.
Your spell library contained the following spells:

 Spells                   Type           Power      Damage    Failure   Level
 Sandblast                Erth           0%         2d4       100%        1
 Shock                    Conj/Air       0%         1d3       100%        1
 Slow                     Hex            0%         N/A       100%        1
 Sting                    Tmut/Pois      0%         1d3       100%        1
 Passwall                 Tmut/Erth      0%         N/A       100%        2
 Poisonous Vapours        Pois/Air       0%         N/A       100%        2
 Sublimation of Blood     Necr           0%         N/A       100%        2
 Wereblood                Tmut           0%         N/A       100%        2
 Confusing Touch          Hex            0%         N/A       100%        3
 Frozen Ramparts          Ice            0%         1d1       100%        3
 Hailstorm                Conj/Ice       0%         3d3       100%        3
 Ozocubu's Armour         Ice            0%         N/A       100%        3
 Stone Arrow              Conj/Erth      0%         3d7       100%        3
 Vampiric Draining        Necr           0%         2d6       100%        3
 Airstrike                Air            0%         2d(0-16)  100%        4
 Ice Form                 Ice/Tmut       0%         N/A       100%        4
 Leda's Liquefaction      Hex/Erth       0%         N/A       100%        4
 Olgreb's Toxic Radiance  Pois           0%         N/A       100%        4
 Passage of Golubria      Tloc           0%         N/A       100%        4
 Iskenderun's Battlesphe  Conj           0%         2d6       100%        5
 Lee's Rapid Deconstruct  Erth           0%         3d4*      100%        5
 Metabolic Englaciation   Hex/Ice        0%         N/A       100%        5
 Yara's Violent Unravell  Hex/Tmut       0%         3d3       100%        5
 Iron Shot                Conj/Erth      0%         9d1       100%        6
 Statue Form              Tmut/Erth      0%         N/A       100%        6
 Swiftness                Air            Unusable   N/A       N/A         3
 Tukima's Dance           Hex            Unusable   N/A       N/A         3
 Summon Ice Beast         Ice/Summ       Unusable   N/A       N/A         4
 Simulacrum               Ice/Necr       Unusable   N/A       N/A         6
 Spellforged Servitor     Conj/Summ      Unusable   N/A       N/A         7
 Summon Hydra             Summ           Unusable   N/A       N/A         7

Dungeon Overview and Level Annotations

Branches:
Dungeon (10/15)            Temple (1/1) D:6            Lair (2/5) D:10
 Spider (1/4) Lair:2          Orc (0/2) D:10          Sewer (visited)
Ossuary (visited)          Bailey (visited)
  Swamp: Lair:2-3    Shoals: Lair:2-3

Altars:
Cheibriados
Dithmenos
Elyvilon
Gozag
Hepliaklqana
Kikubaaqudgha
Makhleb
Nemelex Xobeh
Okawaru
Qazlal
Ru
Sif Muna
Trog
Uskayaw
Wu Jian
Xom
Yredelemnul
Zin
The Shining One

Shops:
D:2 *   D:4 (

Annotations:
D:8 3 runed translucent doors, mkat's ghost, novice TeEE
D:10 Erolcha


Innate Abilities, Weirdness & Mutations

You cannot be hasted, slowed, berserked, paralysed or teleported.
You can dig through walls and to a lower floor.
You have a pair of large antennae on your head. (SInv)
Your four strong arms can wield two-handed weapons with a shield.


Message History

x - a wand of roots (4)
A spark wasp comes into view.
The spark wasp buzzes angrily.
Throw: 4 boomerangs
Press: ? - help, Q - select action, (/) - cycle Shift-Dir - straight line, f - spark wasp
Aim: a spark wasp (57% to hit)
You throw a boomerang.
The boomerang closely misses the spark wasp.
The spark wasp bursts into living lightning!
The living lightning hits you!
The spark wasp blinks!
The spark wasp barely misses you.
You slash the spark wasp!
The spark wasp is lightly wounded.
You block the spark wasp's attack.
You closely miss the spark wasp.
The spark wasp is lightly wounded.
The spark wasp stings you! The spark wasp shocks you!
You block the spark wasp's attack.
You barely miss the spark wasp.
The spark wasp is lightly wounded.
The spark wasp stings you! The spark wasp shocks you!
You completely miss the spark wasp.
The spark wasp is lightly wounded.
You block the spark wasp's attack. The spark wasp completely misses you.
You hit the spark wasp but do no damage.
The spark wasp is lightly wounded.
The spark wasp stings you! The spark wasp shocks you!
You slice the spark wasp!!
The spark wasp is heavily wounded.
The spark wasp stings you! The spark wasp shocks you!
* * * LOW HITPOINT WARNING * * *
The spark wasp stings you!
* * * LOW HITPOINT WARNING * * *
The spark wasp shocks you!
* * * LOW HITPOINT WARNING * * *
You are confused.
You feel invigorated. The spark wasp stings you.
* * * LOW HITPOINT WARNING * * *
The spark wasp shocks you!
You die...

##.#....#.#.###.
###...#..†...#...#.##
#.#..##..†...#.....#. #
#...!.###....#.....#.
##.#....##.#...#####..#.
........#......#^.#.....
#.....#......#..#^....
#..$###....#..###..#
##@..####†...#.#..#
#.y..#..#......#...
##...#..####....^..
#................#.
.........^...........#
.......#..#..#........
....#.#.#..#..#..#.....
..#######.#######..#...
###...#..###..#.....#.#.


You could see a spark wasp.

Vanquished Creatures
  A bone dragon (Abyss:1)
  Jorgrun (Spider:1)
  Asterion (Spider:1)
  2 tentacled starspawn (Abyss:1)
  An orc warlord (Bailey)
  Harold (Lair:1)
  Fannar (Lair:1)
  A boulder beetle (Spider:1)
  2 two-headed ogres
  A storm dragon zombie (Abyss:1)
  Nergalle (D:10)
  Amaemon (Lair:1)
  An orb spider (Spider:1)
  Pikel (D:6)
  An orc knight (Bailey)
  4 wolf spiders (Spider:1)
  A large abomination (Abyss:1)
  4 elephants
  A moth of wrath (Spider:1)
  3 black mambas
  2 torpor snails (Spider:1)
  2 orange demons
  3 demonic crawlers (Spider:1)
  7 cane toads
  A komodo dragon (Lair:1)
  An ancient zyme (Abyss:1)
  A meliai (Lair:2)
  A queen bee (Lair:1)
  2 tarantellas (Spider:1)
  5 jumping spiders (Spider:1)
  3 culicivoras (Spider:1)
  2 wraiths
  26 yaks
  2 vampires
  2 ynoxinuls (Abyss:1)
  A wyvern (Lair:1)
  3 basilisks
  A redback (Spider:1)
  Menkaure (D:4)
  Edmund (D:6)
  Duvessa (D:6)
  3 water moccasins
  12 orc warriors
  3 ice beasts
  A sky beast (D:8)
  2 black bears
  A hornet zombie (D:6)
  4 ogres
  5 centaurs
  3 lemures (D:6)
  2 phantoms (D:6)
  11 bullfrogs
  A gnoll sergeant (D:6)
  5 scorpions
  A water moccasin zombie (D:6)
  11 wights
  Dowan (D:6)
  34 killer bees
  3 howler monkeys
  A bullfrog zombie (D:6)
  3 hounds
  4 jellies
  7 orc priests
  Jessica (D:2)
  3 iguanas
  13 orc wizards
  A killer bee zombie (D:6)
  A mummy (Ossuary)
  2 howler monkey zombies (D:6)
  22 gnolls
  8 river rats
  9 adders
  A shadow imp (D:7)
  A white imp (D:3)
  An ufetubus (D:5)
  4 worms
  5 dart slugs
  40 orcs
  14 bats
  12 endoplasms
  4 giant cockroaches
  20 goblins
  14 hobgoblins
  10 jackals
  3 quokkas
  15 ball pythons
  3 frilled lizards
  5 gnoll skeletons (Ossuary)
  A goblin skeleton (D:3)
  2 goblin zombies (D:3)
  3 hobgoblin zombies (D:3)
  5 kobolds
  4 kobold skeletons
  17 orc skeletons (Ossuary)
  2 orc zombies (D:3)
  11 rats
  2 starspawn tentacles (Abyss:1)
475 creatures vanquished.

Vanquished Creatures (others)
  4 starspawn tentacles (Abyss:1)
4 creatures vanquished.

Grand Total: 479 creatures vanquished

Notes
Turn   | Place    | Note
-------+----------+-------------------------------------------
     0 | D:1      | Nick1 the Formicid Fighter began the quest for the Orb.
     0 | D:1      | Reached XP level 1. HP: 18/18 MP: 1/1
   194 | D:1      | Reached XP level 2. HP: 24/24 MP: 2/2
   330 | D:1      | Reached XP level 3. HP: 25/29 MP: 3/3
   356 | D:1      | Found a faded altar of an unknown god.
   764 | D:2      | Reached XP level 4. HP: 17/37 MP: 4/4
   768 | D:2      | Reached skill level 3 in Axes
   954 | D:2      | Noticed Jessica
   959 | D:2      | Killed Jessica
   960 | D:2      | Reached XP level 5. HP: 30/42 MP: 5/5
  1026 | D:2      | Found Liawogom's General Store.
  1315 | D:2      | Reached skill level 4 in Axes
  1548 | D:3      | Found a glowing golden altar of the Shining One.
  2180 | D:4      | Reached XP level 6. HP: 42/48 MP: 4/6
  2205 | D:4      | Reached skill level 1 in Throwing
  2267 | D:4      | Reached skill level 5 in Axes
  2297 | D:4      | Noticed an ogre
  2303 | D:4      | Killed an ogre
  2304 | D:4      | Reached XP level 7. HP: 48/54 MP: 5/7
  2475 | D:4      | Reached skill level 5 in Shields
  2511 | D:4      | Found Soaxzin's Antique Weapon Boutique.
  2516 | D:4      | Noticed Menkaure
  2519 | D:4      | Killed Menkaure
  2978 | D:5      | Entered Level 5 of the Dungeon
  3024 | D:5      | Reached skill level 6 in Axes
  3024 | D:5      | Reached skill level 1 in Maces & Flails
  3025 | D:5      | Reached XP level 8. HP: 55/61 MP: 6/8
  3072 | D:5      | Found a sand-covered staircase.
  3092 | Ossuary  | Entered an ossuary
  3092 | Ossuary  | Noticed a wraith
  3092 | Ossuary  | Noticed a wraith
  3092 | Ossuary  | Noticed a wraith
  3217 | Ossuary  | Noticed a wraith
  3236 | Ossuary  | Killed a wraith
  3237 | Ossuary  | Reached skill level 5 in Fighting
  3237 | Ossuary  | Reached skill level 5 in Armour
  3414 | D:5      | Noticed a two-headed ogre
  3423 | D:5      | Killed a two-headed ogre
  3424 | D:5      | Reached skill level 7 in Axes
  3424 | D:5      | Reached skill level 1 in Dodging
  3424 | D:5      | Reached XP level 9. HP: 49/69 MP: 2/9
  3448 | D:5      | You fall into a shaft and drop 2 floors!
  3580 | D:6      | Reached skill level 8 in Axes
  3616 | D:6      | Found a glowing drain.
  3627 | Sewer    | Entered a sewer
  4339 | D:6      | Found a staircase to the Ecumenical Temple.
  4359 | Temple   | Entered the Ecumenical Temple
  4391 | Temple   | Became a worshipper of Warmaster Okawaru
  4496 | D:5      | Reached skill level 1 in Invocations
  4802 | D:5      | Reached skill level 1 in Stealth
  5262 | D:6      | Reached XP level 10. HP: 70/77 MP: 9/11
  5305 | D:6      | Noticed Edmund
  5316 | D:6      | Killed Edmund
  5316 | D:6      | Reached * piety under Okawaru
  5317 | D:6      | Reached skill level 9 in Axes
  5382 | D:6      | Noticed Duvessa
  5382 | D:6      | Noticed Dowan
  5386 | D:6      | Killed Dowan
  5399 | D:6      | Killed Duvessa
  5415 | D:6      | Found a basalt altar of Yredelemnul.
  5625 | D:6      | Noticed Pikel
  5633 | D:6      | Killed Pikel
  5811 | D:6      | Reached ** piety under Okawaru
  7005 | D:8      | Found a runed translucent gate.
  7007 | D:8      | Found a runed translucent gate.
  7009 | D:8      | Found a runed translucent gate.
  7011 | D:8      | Noticed mkat's ghost (novice TeEE)
  7159 | D:8      | Reached skill level 10 in Axes
  7677 | D:8      | Reached *** piety under Okawaru
  7679 | D:8      | Reached XP level 11. HP: 84/84 MP: 12/14
  8242 | D:9      | Reached skill level 5 in Invocations
  8607 | D:10     | Entered Level 10 of the Dungeon
  8607 | D:10     | Noticed Erolcha
  8607 | D:10     | Found a flagged portal.
  8639 | D:10     | Noticed a two-headed ogre
  8646 | D:10     | Killed a two-headed ogre
  8646 | D:10     | Reached **** piety under Okawaru
  8646 | D:10     | Received a gift from Okawaru
  8647 | D:10     | Reached skill level 11 in Axes
  8679 | Bailey   | Entered a bailey
  8778 | Bailey   | Noticed an orc knight
  8793 | Bailey   | Killed an orc knight
  8898 | Bailey   | Noticed an orc warlord
  8912 | Bailey   | Killed an orc warlord
  8912 | Bailey   | Received a gift from Okawaru
  9166 | D:10     | Reached skill level 12 in Axes
  9186 | D:10     | Noticed Nergalle
  9192 | D:10     | Killed Nergalle
  9192 | D:10     | Reached ***** piety under Okawaru
  9222 | D:10     | Reached XP level 12. HP: 72/92 MP: 11/16
  9235 | D:10     | Found a staircase to the Orcish Mines.
  9420 | Abyss:1  | Cast into level 1 of the Abyss (Erolcha)
  9463 | Abyss:1  | Noticed a bone dragon
  9507 | Abyss:1  | Killed a bone dragon
  9611 | Abyss:1  | Noticed a tentacled starspawn
  9624 | Abyss:1  | Killed a tentacled starspawn
  9625 | Abyss:1  | Reached skill level 13 in Axes
  9717 | Abyss:1  | Noticed a tentacled starspawn
  9725 | Abyss:1  | Killed a tentacled starspawn
  9819 | Abyss:1  | HP: 3/94 [large abomination (18)]
  9828 | D:10     | Escaped the Abyss
 10137 | D:10     | Found a sparkling altar of Nemelex Xobeh.
 10137 | D:10     | Found a hide-covered altar of Uskayaw.
 10227 | D:10     | Found a staircase to the Lair.
 10427 | D:10     | Found a glowing silver altar of Zin.
 10431 | D:10     | Found a burning altar of Makhleb.
 10432 | D:10     | Found an ornate altar of the Wu Jian Council.
 10434 | D:10     | Found a white marble altar of Elyvilon.
 10436 | D:10     | Found an ancient bone altar of Kikubaaqudgha.
 10484 | Lair:1   | Entered Level 1 of the Lair of Beasts
 10589 | Lair:1   | Received a gift from Okawaru
 10590 | Lair:1   | Reached XP level 13. HP: 71/100 MP: 15/18
 10910 | Lair:1   | Noticed Harold
 10924 | Lair:1   | Killed Harold
 11269 | Lair:1   | Noticed Fannar
 11285 | Lair:1   | Killed Fannar
 11286 | Lair:1   | Reached skill level 14 in Axes
 11474 | Lair:1   | Noticed Amaemon
 11476 | Lair:1   | Reached skill level 10 in Shields
 11486 | Lair:1   | Killed Amaemon
 11487 | Lair:1   | Found a snail-covered altar of Cheibriados.
 11613 | Lair:1   | Reached skill level 10 in Armour
 12564 | Lair:2   | Reached skill level 15 in Axes
 12769 | Lair:2   | Found a hole to the Spider Nest.
 13017 | Spider:1 | Entered Level 1 of the Spider Nest
 13040 | Spider:1 | Noticed Asterion
 13042 | Spider:1 | Noticed a green death
 13048 | Spider:1 | Noticed Jorgrun
 13053 | Spider:1 | Killed Asterion
 13053 | Spider:1 | Identified the +1 cloak of Okawaru's Whim {Will- Regen+
                  | Stlth+} (Okawaru gifted it to you on level 1 of the Spider
                  | Nest)
 13053 | Spider:1 | Received a gift from Okawaru
 13059 | Spider:1 | Killed Jorgrun
 13060 | Spider:1 | Reached skill level 10 in Fighting
 13074 | Spider:1 | Reached XP level 14. HP: 25/110 MP: 15/20
 13904 | Spider:1 | Noticed a spark wasp
 13911 | Spider:1 | HP: 5/111 [spark wasp (15)]
 13912 | Spider:1 | Mangled by a spark wasp

Illustrated notes

Levels and vault maps discovered:
D:1:      mrwooster_arrival_arrow, layout_basic, ebering_ecumenical_altar_box,
          minmay_tetromino_o4
D:2:      layout_rooms, serial_shops, shop, uniq_jessica
D:3:      layout_loops_cross, nicolae_tso_besieged_by_evil
D:4:      layout_loops_corners, serial_shops, nicolae_shop_stone, uniq_menkaure
D:5:      layout_basic, lightli_ossuary_entry_decrepit_ruins
D:6:      layout_gridville, nicolae_yredelemnul_corpse_copse,
          minmay_temple_entry_large_hall, portal_sewer_entry_e, uniq_edmund,
          uniq_pikel, uniq_duvessa
D:7:      layout_basic, nrook_mini_backslash, minmay_misc_feat_chi
D:8:      layout_basic, gammafunk_ghost_necromancy, st_stairs_14
D:9:      layout_basic, hangedman_decor_riveting, minivault_23
D:10:     layout_loops_ring, minitemple, david_lair_generic,
          minmay_orc_entry_temple_small, enter_bailey_2, serial_park_tiny_1,
          uniq_erolcha, uniq_nergalle
Temple:   compressed_dpeg_triangle_lava_temple
Lair:1:   layout_loops_ring, basic_altar, special_room [special_room_bee],
          uniq_amaemon, uniq_harold, uniq_fannar
Lair:2:   layout_misc_corridors, hellmonk_spider_entry_not_the_bees,
          st_stairs_8, beast_lair_carwin_3
Spider:1: layout_spider_delve, uniq_jorgrun, uniq_asterion

Skill      XL: |  1  2  3  4  5  6  7  8  9 10 11 12 13 |
---------------+----------------------------------------+-----
Axes           | 3 4 5 6 7 8 10 12 13 15 | 15.7
Fighting       | 4 5 6 7 8 10 | 10.4
Armour         | 4 5 6 7 8 9 10 | 10.7
Throwing       | 1 2 3 |  3.9
Shields        | 5 6 7 8 9 11 | 11.4
Maces & Flails | 1 2 3 |  3.1
Dodging        | 1 2 |  2.0
Invocations    | 1 4 5 7 8 |  8.7
Stealth        | 1 2 |  2.0

Action                     |  1- 3 |  4- 6 |  7- 9 | 10-12 | 13-15 || total
---------------------------+-------+-------+-------+-------+-------++-------
  Melee: War axe           |    70 |   102 |   172 |   107 |       ||   451
         Morningstar       |       |     4 |    93 |       |       ||    97
         Battleaxe         |       |       |       |   296 |   314 ||   610
         Flail             |       |       |       |    19 |       ||    19
         Mace              |       |       |       |       |     6 ||     6
  Throw: Dart              |    14 |    28 |     3 |       |       ||    45
         Javelin           |       |    14 |    38 |       |       ||    52
         Boomerang         |       |       |     1 |    45 |    49 ||    95
 Invoke: Heroism           |       |       |       |     7 |     7 ||    14
         Finesse           |       |       |       |     3 |     3 ||     6
    Use: Scroll            |     1 |     2 |     7 |     7 |     1 ||    18
         Potion            |       |     1 |     1 |     1 |     6 ||     9
 Armour: Scale mail        |    25 |    31 |   110 |    73 |       ||   239
         Plate armour      |       |       |       |   114 |   197 ||   311
         Chain mail        |       |       |       |    35 |       ||    35
  Dodge: Dodged            |    32 |    40 |   125 |   120 |   119 ||   436
  Block: Buckler           |    18 |    22 |    88 |    45 |       ||   173
         Kite shield       |       |       |       |   163 |   228 ||   391
